AoeStats
← Flint

Arena

510277428Analyzed
2v2 RM · 6h ago on Sep 30, 2026· 43m 41s· 4 players
Game mode
Random Map
Map size
Medium (4 player)
Population
200
Speed
Normal
Resources
Standard
Victory
Conquest
Starting age
Dark Age
Ending age
Imperial Age
RankedLock teamsTeams togetherTeam positionsShared explorationLock speedFull tech treeHidden civsTurbo modeCheats
Victory
Defeat
🇮🇹 Turks · Italy
697
+17
🇪🇸 Saxons · Spain
662
+19
🇪🇸 Britons · Spain
771
-20
🇨🇳 Teutons · China
678
-16
Flint
3:12 Loom
5:42 Loom
10:25 Feudal Age
11:00 Horse Collar
18:28 Castle Age
16:35 Double-Bit Axe
16:49 Stone Mining
17:18 Gold Mining
24:51 Wheelbarrow
25:21 Heavy Plow
26:31 Bow Saw
27:26 Hand Cart
29:23 Caravan
32:17 Imperial Age
30:04 Forging
29:54 Scale Mail Armor
29:59 Scale Barding Armor
29:44 Fletching
29:54 Padded Archer Armor
32:35 Iron Casting
32:15 Chain Mail Armor
32:01 Padded Archer Armor
33:30 Squires
33:17 Gambesons
33:18 Arson
32:55 Elite Varangian Guard
33:32 Pikeman
34:32 Bodkin Arrow
34:57 Chain Barding Armor
34:06 Capped Ram
34:40 Elite Hearth Troop
35:47 Siege Ram
37:54 Shield Wall
Luke91
6:53 Loom
11:36 Feudal Age
12:10 Horse Collar
12:18 Double-Bit Axe
15:38 Gold Mining
16:24 Town Watch
16:34 Stone Mining
19:02 Wheelbarrow
19:26 Wheelbarrow
23:08 Castle Age
21:48 Scale Mail Armor
21:36 Arson
22:07 Fletching
22:48 Padded Archer Armor
22:25 Man-at-Arms
23:43 Scale Barding Armor
26:23 Bloodlines
26:54 Fervor
27:25 Forging
28:10 Heavy Plow
30:40 Bow Saw
34:18 Imperial Age
32:39 Ballistics
33:20 Gold Shaft Mining
36:42 Elite Janissary
38:21 Treadmill Crane
38:52 Masonry
38:37 Murder Holes
38:53 Fortified Wall
38:26 Capped Ram
38:29 Crossbowman
39:36 Parthian Tactics
39:50 Heavy Camel Rider
40:32 Husbandry
41:54 Hand Cart
41:34 Guard Tower
43:00 Sipahi
43:01 Conscription
44:47 Architecture
Pendenciero
9:22 Feudal Age
8:11 Loom
10:01 Double-Bit Axe
16:37 Castle Age
16:12 Horse Collar
16:33 Gold Mining
24:55 Wheelbarrow
24:08 Town Watch
26:25 Elite Skirmisher
30:55 Imperial Age
28:26 Town Patrol
28:44 Hand Cart
32:08 Ballistics
35:04 Pikeman
38:37 Cavalier
39:28 Husbandry
39:45 Elite Longbowman
527552271
11:28 Feudal Age
12:34 Horse Collar
12:43 Double-Bit Axe
16:45 Gold Mining
16:55 Stone Mining
19:05 Wheelbarrow
23:15 Castle Age
25:46 Fortified Wall
25:47 Masonry
25:44 Heavy Plow
25:57 Bow Saw
29:49 Imperial Age
28:57 Stone Shaft Mining
28:56 Hand Cart
29:48 Bloodlines
32:08 Chemistry
32:41 Conscription
34:40 Two-Man Saw
35:08 Crop Rotation
34:08 Cavalier
39:12 Crenellations
38:31 Elite Teutonic Knight
41:25 Scale Mail Armor
41:36 Forging
Connection lost

Rejoining the realm…

Still unreachable

The connection could not be restored.

Session expired

The server has moved on; the page needs a fresh start.